[Event "Titled Tuesday Blitz August 15 Early 2023"]
[White "Bueno, Alfeu Junior Varela"]
[Black "GaiozNigalidze"]
[WhiteFideId "2108879"]
[WhiteElo "2424"]
[BlackElo "2708"]
[Result "1-0"]
[Round "2"]
[TimeControl "180+1"]
[Date "2023.08.15"]
[WhiteClock "0:00:03"]
[BlackClock "0:00:24"]
[Board "84"]

1. e4 c5 2. Nc3 Nc6 3. f4 e6 4. Bb5 Nge7 5. Nf3 a6 6. Bxc6 Nxc6 7. d3 d5 8. O-O d4 9. Ne2 Be7 10. a3 Qb6 11. Kh1 h6 12. Rb1 a5 13. Qe1 Bd7 14. Qg3 g6 15. Ne5 Qc7 16. Bd2 a4 17. Ng1 g5 18. Nxd7 Kxd7 19. Qh3 Raf8 20. f5 Ne5 21. c3 Bd6 22. cxd4 cxd4 23. Rfc1 Qb6 24. Bb4 Bxb4 25. axb4 Qxb4 26. Qg3 Qd6 27. Ne2 Nc6 28. Qh3 h5 29. Rc4 g4 30. Qh4 e5 31. Rbc1 Ra8 32. Ng3 a3 33. bxa3 Rxa3 34. f6 Qe6 35. Nf5 Rha8 36. Ng7 Qd6 37. Qxh5 Qxf6 38. Qxg4+ Kc7 39. Nh5 Qe6 40. Qg7 Rxd3 41. h3 Rd1+ 42. Kh2 Qxc4 43. Rxc4 Rd3 44. Qxf7+ Kb6 45. Qd5 Rc3 46. Qc5+ Kc7 47. Rxc3 dxc3 48. Qxc3 Rh8 49. Ng7 Rh7 50. Ne6+ Kd6 51. Ng5 Rg7 52. Nf3 Rf7 53. Qc4 Re7 54. Qd5+ Kc7 55. Ng5 Rd7 56. Qe6 b5 57. Nf3 Re7 58. Qf6 b4 59. Nd2 Rd7 60. Nc4 b3 61. Nxe5 Rd6 62. Qf7+ Kc8 63. Nxc6 b2 64. Qb3 Rd2 65. Ne5 Rxg2+ 66. Kxg2 b1=Q 67. Qxb1 Kd8 68. Qd3+ Ke7 69. Qd7+ Kf8 70. Qf7# 1-0


[Site "https://www.chess.com"]

[Event "Titled Tuesday Blitz August 15 Early 2023"]
[White "Grieve, Harry"]
[Black "Chyngyz, Sultai"]
[WhiteFideId "426520"]
[BlackFideId "13803158"]
[WhiteElo "2708"]
[BlackElo "2409"]
[Result "0-1"]
[Round "2"]
[TimeControl "180+1"]
[Date "2023.08.15"]
[WhiteClock "0:00:01"]
[BlackClock "0:00:31"]
[Board "85"]

1. e4 c5 2. Nf3 d6 3. d4 cxd4 4. Nxd4 Nf6 5. Nc3 a6 6. Bg5 e6 7. f4 Be7 8. Qf3 Qc7 9. O-O-O O-O 10. g4 b5 11. Bxf6 Bxf6 12. g5 Bxd4 13. Rxd4 Nc6 14. Rd2 b4 15. Ne2 a5 16. h4 a4 17. Kb1 Bb7 18. h5 b3 19. cxb3 axb3 20. a3 Rfc8 21. Nc3 Ne7 22. g6 fxg6 23. hxg6 Nxg6 24. Bh3 Qf7 25. f5 exf5 26. Bxf5 Rf8 27. Qh5 h6 28. Bxg6 Qf4 29. Rg2 Rac8 30. Bf5 Rxf5 31. Qxf5 Qxf5 32. exf5 Bxg2 33. Rh4 Re8 34. Kc1 d5 35. Rd4 Re5 36. a4 Rxf5 37. a5 Rf6 38. Kd2 Rd6 39. Nd1 Be4 40. Ne3 h5 41. Kc3 h4 42. Rd2 h3 43. Kd4 Rh6 44. Rh2 g5 45. Ng4 Rh4 46. Nf6+ Kf7 47. Ke5 g4 48. Rf2 g3 49. Rf1 g2 50. Rc1 h2 51. Rc7+ Kg6 52. Ne8 g1=Q 53. a6 Qg5+ 54. Kd6 Qd8+ 55. Rd7 Qb6+ 56. Ke7 Qc5+ 57. Rd6+ Qxd6+ 58. Kxd6 h1=Q 59. a7 Qa1 0-1


[Site "https://www.chess.com"]

[Event "Titled Tuesday Blitz August 15 Early 2023"]
[White "Frayna, Janelle Mae"]
[Black "Skvortsov, Andrei"]
[WhiteFideId "5212499"]
[BlackFideId "24108600"]
[WhiteElo "2387"]
[BlackElo "2706"]
[Result "1-0"]
[Round "2"]
[TimeControl "180+1"]
[Date "2023.08.15"]
[WhiteClock "0:01:01"]
[BlackClock "0:00:44"]
[Board "86"]

1. Nf3 d5 2. c4 dxc4 3. e3 c5 4. Bxc4 Nf6 5. O-O e6 6. Qe2 Nc6 7. Rd1 Qc7 8. Nc3 a6 9. a4 Nb4 10. d4 Be7 11. a5 Nc6 12. d5 exd5 13. Nxd5 Nxd5 14. Bxd5 Nxa5 15. e4 Nc6 16. Be3 O-O 17. Rac1 Nb4 18. Qc4 Nxd5 19. exd5 b5 20. Qe4 Bd6 21. Bxc5 Bxc5 22. d6 Qb6 23. Qxa8 Bb7 24. Qxf8+ Kxf8 25. Rxc5 Bxf3 26. Rc8+ 1-0


[Site "https://www.chess.com"]

[Event "Titled Tuesday Blitz August 15 Early 2023"]
[White "Fuzesabonyilaci"]
[Black "Veiga, Jose Francisco R P Neves"]
[BlackFideId "1930087"]
[WhiteElo "2366"]
[BlackElo "2704"]
[Result "1-0"]
[Round "2"]
[TimeControl "180+1"]
[Date "2023.08.15"]
[WhiteClock "0:00:14"]
[BlackClock "0:00:13"]
[Board "87"]

1. e4 Nc6 2. Nf3 d6 3. d4 Nf6 4. Nc3 g6 5. h3 Bg7 6. g4 e5 7. d5 Ne7 8. Be3 h5 9. g5 Nd7 10. Be2 a6 11. a4 f5 12. gxf6 Nxf6 13. Ng5 Bh6 14. Qd2 Neg8 15. Rg1 Qe7 16. Bc4 Bxg5 17. Rxg5 Bxh3 18. Rxg6 Kf7 19. Rg3 Bd7 20. O-O-O h4 21. Rg5 Nh6 22. f4 Nhg4 23. f5 Rag8 24. Rg1 h3 25. Be2 h2 26. Rh1 Nxe3 27. Qxe3 Nxd5 28. Rxg8 Nxe3 29. Rxh8 Qg5 30. R1xh2 Nf1+ 31. Kb1 Nxh2 32. Rh7+ Ke8 33. Bh5+ Kd8 34. Rh8+ Ke7 35. Nd5# 1-0


[Site "https://www.chess.com"]

[Event "Titled Tuesday Blitz August 15 Early 2023"]
[White "Matinian, Nikita"]
[Black "Lach, Aleksandra"]
[WhiteFideId "24129100"]
[BlackFideId "1134299"]
[WhiteElo "2701"]
[BlackElo "2357"]
[Result "0-1"]
[Round "2"]
[TimeControl "180+1"]
[Date "2023.08.15"]
[WhiteClock "0:00:00"]
[BlackClock "0:00:16"]
[Board "88"]

1. e4 c6 2. d4 d5 3. e5 Bf5 4. Nf3 e6 5. Be2 c5 6. Be3 Nc6 7. dxc5 Bxc5 8. Bxc5 Qa5+ 9. c3 Qxc5 10. Nbd2 Nge7 11. Nb3 Qb6 12. O-O O-O 13. Re1 a5 14. Qd2 Ng6 15. Bf1 Be4 16. Nfd4 Ncxe5 17. f4 Nc6 18. Qf2 a4 19. Nd2 Nxd4 20. cxd4 f5 21. Nb1 Rac8 22. Nc3 a3 23. Na4 Qb4 24. b3 Rc2 25. Qe3 Rfc8 26. Nc5 b6 27. Nxe4 dxe4 28. Bc4 Qd6 29. g3 Ne7 30. Red1 Nd5 31. Qe1 Kf7 32. Rd2 Rxd2 33. Qxd2 Qb4 34. Qf2 Qc3 35. Re1 e3 36. Qe2 Qxd4 37. Kg2 Qd2 38. Kf3 b5 39. Rd1 Qxe2+ 40. Bxe2 Nc3 41. Rd7+ Kf6 42. Ra7 Nxa2 43. Rxa3 Nb4 44. Bxb5 Rc3 45. Be2 Nc2 46. Ra4 e5 47. fxe5+ Kxe5 48. Rc4 Nd4+ 49. Rxd4 Kxd4 50. b4 Rb3 51. b5 g5 52. h4 h6 53. g4 f4 54. hxg5 hxg5 55. Bf1 Kc3 56. b6 Rxb6 57. Be2 Kd2 58. Bf1 Re6 59. Be2 Re5 60. Bf1 e2 0-1


[Site "https://www.chess.com"]

[Event "Titled Tuesday Blitz August 15 Early 2023"]
[White "Vasques, Antonio Pedro Freixial"]
[Black "Alex_Sahakyan2006"]
[WhiteFideId "1908332"]
[WhiteElo "2352"]
[BlackElo "2698"]
[Result "0-1"]
[Round "2"]
[TimeControl "180+1"]
[Date "2023.08.15"]
[WhiteClock "0:00:08"]
[BlackClock "0:00:38"]
[Board "89"]

1. e4 c5 2. Nc3 Nc6 3. Bb5 Nd4 4. Nf3 a6 5. Bd3 e6 6. O-O Nc6 7. Re1 g5 8. h3 Bg7 9. e5 Qc7 10. Ne4 Nxe5 11. Nxe5 Bxe5 12. Nxg5 Nf6 13. Qf3 Bh2+ 14. Kh1 Qf4 15. g3 Qxg5 16. Kxh2 h5 17. h4 Ng4+ 18. Kg2 Qg7 19. Be4 O-O 20. Bxb7 Bxb7 21. Qxb7 d5 22. Qe7 c4 23. Qg5 Rac8 24. Qxh5 f6 25. c3 Ne5 26. d4 cxd3 27. Bf4 Ng6 28. Bd6 Rfd8 29. Bc5 Nf4+ 0-1


[Site "https://www.chess.com"]

[Event "Titled Tuesday Blitz August 15 Early 2023"]
[White "Gorovets, Andrey"]
[Black "Saito, Vinicius"]
[WhiteFideId "13504037"]
[BlackFideId "2113384"]
[WhiteElo "2694"]
[BlackElo "2351"]
[Result "1-0"]
[Round "2"]
[TimeControl "180+1"]
[Date "2023.08.15"]
[WhiteClock "0:00:36"]
[BlackClock "0:00:37"]
[Board "90"]

1. d4 Nf6 2. c4 g6 3. Nf3 Bg7 4. g3 O-O 5. Bg2 d6 6. O-O Nbd7 7. Nc3 e5 8. e4 exd4 9. Nxd4 c6 10. h3 Qb6 11. Nce2 a5 12. Rb1 Nc5 13. f3 d5 14. cxd5 cxd5 15. e5 Ne8 16. f4 Nc7 17. Be3 Qa6 18. Qc2 N7e6 19. Nxe6 Nxe6 20. Bxd5 Bd7 21. Rfd1 Rfc8 22. Qd2 Bc6 23. Nc3 Rd8 24. Qg2 Bf8 25. Bxc6 bxc6 26. Ne4 Be7 27. Qf1 Qb7 28. b3 c5 29. Qg2 Nd4 30. Nf6+ Bxf6 31. Qxb7 1-0


[Site "https://www.chess.com"]

[Event "Titled Tuesday Blitz August 15 Early 2023"]
[White "Rian, Kapriaga"]
[Black "Hua, Lefong"]
[WhiteFideId "7103263"]
[BlackFideId "2602253"]
[WhiteElo "2343"]
[BlackElo "2691"]
[Result "0-1"]
[Round "2"]
[TimeControl "180+1"]
[Date "2023.08.15"]
[WhiteClock "0:00:00"]
[BlackClock "0:01:01"]
[Board "91"]

1. d4 Nf6 2. Nf3 g6 3. Bg5 Bg7 4. Nbd2 O-O 5. e4 d6 6. Bd3 c5 7. dxc5 dxc5 8. O-O h6 9. Be3 Qc7 10. h3 b6 11. Qe2 Nc6 12. c3 Nh5 13. a4 Nf4 14. Bxf4 Qxf4 15. Rfe1 Be6 16. Bc4 Bxc4 17. Nxc4 Rfd8 18. Rad1 Qc7 19. e5 e6 20. Rd6 Bf8 21. Rxd8 Rxd8 22. Rd1 Rd5 23. Re1 Bg7 24. h4 Qd8 25. Qe4 Qd7 26. h5 g5 27. Ne3 Rd3 28. Ng4 Rd1 29. Rxd1 Qxd1+ 30. Kh2 Qd5 31. Qe3 Kf8 32. Kg1 Qd1+ 33. Kh2 Qxa4 34. Nf6 Qf4+ 0-1


[Site "https://www.chess.com"]

[Event "Titled Tuesday Blitz August 15 Early 2023"]
[White "Osinovsky, Stepan"]
[Black "Vaishali, Rameshbabu"]
[WhiteFideId "4157354"]
[BlackFideId "5091756"]
[WhiteElo "2337"]
[BlackElo "2688"]
[Result "1-0"]
[Round "2"]
[TimeControl "180+1"]
[Date "2023.08.15"]
[WhiteClock "0:00:07"]
[BlackClock "0:00:04"]
[Board "92"]

1. e4 c5 2. Nf3 e6 3. d3 Nc6 4. Nbd2 g6 5. g3 Bg7 6. Bg2 Nge7 7. O-O O-O 8. Re1 e5 9. a4 d6 10. Nc4 h6 11. c3 Be6 12. a5 Qd7 13. Qa4 f5 14. exf5 gxf5 15. a6 b6 16. d4 Rab8 17. Nxd6 Qxd6 18. dxe5 Qc7 19. Qh4 Ng6 20. Qh5 Ngxe5 21. Bxh6 Rbe8 22. Qg5 Nxf3+ 23. Bxf3 Nd8 24. Rad1 Qf7 25. Rxd8 Rxd8 26. Rxe6 Rd7 27. Rg6 Kh7 28. Bxg7 Qxg7 29. Rxg7+ Rxg7 30. Qh5+ Kg8 31. Bd5+ Rff7 32. Bxf7+ Rxf7 33. Qg6+ Kf8 34. Qd6+ Kg7 35. Qe5+ Kg6 36. Qd6+ Kg7 37. f4 Kh7 38. Kf2 Kg7 39. Kf3 Kh7 40. h4 Kg7 41. Qc6 Kh7 42. Qb7 Kg7 43. g4 c4 44. g5 b5 45. h5 b4 46. g6 1-0


[Site "https://www.chess.com"]

[Event "Titled Tuesday Blitz August 15 Early 2023"]
[White "UgarteCesar"]
[Black "Huschenbeth, Niclas"]
[BlackFideId "24604747"]
[WhiteElo "2335"]
[BlackElo "2684"]
[Result "0-1"]
[Round "2"]
[TimeControl "180+1"]
[Date "2023.08.15"]
[WhiteClock "0:00:05"]
[BlackClock "0:00:16"]
[Board "93"]

1. d4 Nf6 2. Nf3 d5 3. e3 c5 4. Bd3 e6 5. O-O Nbd7 6. b3 b6 7. Bb2 Bb7 8. Nbd2 cxd4 9. exd4 Bd6 10. Qe2 O-O 11. c4 Rc8 12. Rac1 Rc7 13. Rfd1 Qa8 14. Ne5 dxc4 15. Ndxc4 Be7 16. Ne3 Rfc8 17. Rxc7 Rxc7 18. Nxd7 Rxd7 19. f3 Nh5 20. Qc2 g6 21. Ng4 Nf4 22. Bb5 Bxf3 23. gxf3 Qxf3 24. Nh6+ Kf8 25. Bf1 Rd5 26. Qc8+ Kg7 27. h3 Kxh6 28. Qc2 Rg5+ 29. Kh2 Qg3+ 0-1


[Site "https://www.chess.com"]

[Event "Titled Tuesday Blitz August 15 Early 2023"]
[White "Maltsevskaya, Aleksandra"]
[Black "Martinez, Shawn"]
[WhiteFideId "24174041"]
[BlackFideId "2039770"]
[WhiteElo "2684"]
[BlackElo "2331"]
[Result "1-0"]
[Round "2"]
[TimeControl "180+1"]
[Date "2023.08.15"]
[WhiteClock "0:00:05"]
[BlackClock "0:00:00"]
[Board "94"]

1. Nf3 g6 2. g3 Bg7 3. Bg2 d5 4. O-O c5 5. d3 Nc6 6. Nbd2 e5 7. e4 d4 8. Nh4 Nge7 9. f4 f5 10. exf5 Nxf5 11. Nxf5 Bxf5 12. Ne4 Bxe4 13. Bxe4 O-O 14. f5 gxf5 15. Bxf5 Ne7 16. Be4 Rxf1+ 17. Qxf1 Qd7 18. Bg5 Rf8 19. Qe2 Nd5 20. Qh5 Nf6 21. Bxf6 Bxf6 22. Rf1 b6 23. Rf5 Qg7 24. Kg2 Kh8 25. Qh3 h6 26. Rh5 Bg5 27. Qe6 Qf6 28. Qxf6+ Rxf6 29. h4 Bc1 30. Rxe5 Bxb2 31. Re7 a5 32. g4 Bc1 33. Re5 Be3 34. g5 hxg5 35. hxg5 Rf2+ 36. Kh3 Kg7 37. Re7+ Kf8 38. Rb7 Bxg5 39. Rxb6 Rxc2 40. Kg4 Bd8 41. Rb8 Ke7 42. Rb7+ Kd6 43. Rh7 Rxa2 44. Rh6+ Kc7 45. Kf5 Rf2+ 46. Ke5 a4 47. Rh7+ Kb6 48. Rb7+ Ka5 49. Kd6 Rf6+ 50. Kxc5 Bb6+ 51. Kc4 a3 52. Rb8 Rf7 53. Kb3 Ra7 54. Kxa3 Kb5+ 55. Kb3 Kc5 56. Rc8+ Kb5 57. Bc6+ Ka5 58. Bd5 Rc7 59. Rf8 Rc3+ 60. Kb2 Bc5 61. Rf5 Kb6 62. Bc4 Ba3+ 63. Ka2 Bc1 64. Rb5+ Kc6 65. Rf5 Ba3 66. Rd5 Kb6 67. Rxd4 Bc5 68. Rg4 Ka5 69. Kb2 Ra3 70. Rg5 1-0


[Site "https://www.chess.com"]

[Event "Titled Tuesday Blitz August 15 Early 2023"]
[White "Akylbek2021"]
[Black "Papasimakopoulos, Alexandros"]
[BlackFideId "4244125"]
[WhiteElo "2327"]
[BlackElo "2682"]
[Result "1-0"]
[Round "2"]
[TimeControl "180+1"]
[Date "2023.08.15"]
[WhiteClock "0:00:54"]
[BlackClock "0:01:14"]
[Board "95"]

1. d4 e6 2. Bf4 d5 3. Nc3 Bd6 4. e3 Bxf4 5. exf4 Nf6 6. Nf3 O-O 7. Bd3 b6 8. Ne2 Ba6 9. Bxa6 Nxa6 10. O-O c5 11. c3 Nb8 12. Ng3 Nc6 13. Re1 Qd6 14. Qd2 Rac8 15. f5 cxd4 16. fxe6 dxc3 17. exf7+ Rxf7 18. Qxc3 d4 19. Nf5 Qd7 20. N5xd4 Nxd4 21. Qxd4 Qxd4 22. Nxd4 Rd7 23. Nf5 Rc2 24. h3 Rxb2 25. a4 g6 26. Ne7+ Kf7 27. Nc6 Rdd2 28. Ne5+ Kg7 29. Nc4 Rxf2 30. Nxb2 Rxb2 31. Re7+ Kh6 32. Rxa7 Nd5 33. Rf7 Nc3 34. Kh2 Rb4 35. a5 bxa5 36. Rxa5 Ne4 37. Raa7 Ng5 38. Rfc7 Rd4 39. Kg3 Rd3+ 40. Kf2 Rd4 41. Ke3 Re4+ 42. Kd3 Rb4 43. Rcb7 Rh4 44. Rc7 Rb4 45. Rc4 Rb3+ 46. Kc2 Rb4 47. Rxb4 1-0


[Site "https://www.chess.com"]

[Event "Titled Tuesday Blitz August 15 Early 2023"]
[White "Gubajdullin, Alexei"]
[Black "Preobrazhenska_D2011"]
[WhiteFideId "4141202"]
[WhiteElo "2682"]
[BlackElo "2311"]
[Result "1-0"]
[Round "2"]
[TimeControl "180+1"]
[Date "2023.08.15"]
[WhiteClock "0:00:44"]
[BlackClock "0:00:02"]
[Board "96"]

1. d4 Nf6 2. Nf3 b6 3. Bf4 Bb7 4. e3 e6 5. h3 d5 6. Nbd2 c5 7. c3 Nc6 8. Bd3 Be7 9. Ne5 O-O 10. Qf3 Nxe5 11. dxe5 Nd7 12. h4 Qc7 13. Bxh7+ Kxh7 14. Qh5+ Kg8 15. Nf3 Rfc8 16. Ng5 Bxg5 17. hxg5 Kf8 18. g6 Ke7 19. gxf7 Nf8 20. Bg5+ Kd7 21. f4 d4 22. O-O-O Bxg2 23. Rhg1 Bd5 24. exd4 cxd4 25. Rxd4 Kc6 26. c4 Kb7 27. b3 g6 28. Qh8 Qxf7 29. Kb2 Bc6 30. Rgd1 Nd7 31. Qh3 Rh8 32. Qg3 Nc5 33. Bf6 Rh5 34. Ka3 Ne4 35. Qe3 Nxf6 36. exf6 Ra5+ 37. Kb2 Qxf6 38. Qc3 Rf5 39. b4 Rc8 40. a4 Bg2 41. a5 Rxf4 42. Rxf4 Qxf4 43. a6+ Kb8 44. Rd7 Qf2+ 45. Kb3 Bc6 46. Rg7 Qf5 47. Qg3+ Ka8 48. Rc7 Rd8 49. b5 Rd3+ 50. Ka4 Rd8 51. Rxc6 Qf7 52. Qe5 Qf1 53. Rc8+ Rxc8 54. Qe4+ Kb8 55. Qb7# 1-0


[Site "https://www.chess.com"]

[Event "Titled Tuesday Blitz August 15 Early 2023"]
[White "Aaditya Dhingra"]
[Black "Goswami, Vedant"]
[WhiteFideId "25678191"]
[BlackFideId "5003725"]
[WhiteElo "2682"]
[BlackElo "2307"]
[Result "0-1"]
[Round "2"]
[TimeControl "180+1"]
[Date "2023.08.15"]
[WhiteClock "0:00:29"]
[BlackClock "0:00:29"]
[Board "97"]

1. c4 c6 2. Nf3 d6 3. g3 e5 4. Bg2 g6 5. b3 Bg7 6. Bb2 Ne7 7. O-O O-O 8. Nc3 Bg4 9. Qc2 Na6 10. h3 Be6 11. Rad1 h6 12. d4 Qc7 13. e4 Rad8 14. Qe2 Kh7 15. d5 Bc8 16. Ne1 Rde8 17. Ba3 c5 18. Nd3 Bd7 19. Bc1 f5 20. exf5 Nxf5 21. Ne4 Nd4 22. Qb2 Bf5 23. Be3 Qd7 24. Kh2 Nc7 25. Rde1 a6 26. Bxd4 exd4 27. f4 Re7 28. Ndf2 Rfe8 29. g4 Bxe4 30. Rxe4 b5 31. Rfe1 Rxe4 32. Bxe4 Qf7 33. Qd2 Rf8 34. Nd3 Ne8 35. f5 gxf5 36. Bxf5+ Kh8 37. Nf4 Be5 38. Kg2 Bxf4 39. Qxf4 Qg7 40. Re6 d3 41. Rg6 Qxg6 42. Bxg6 Rxf4 0-1


[Site "https://www.chess.com"]

[Event "Titled Tuesday Blitz August 15 Early 2023"]
[White "Mikhaylova, Irina"]
[Black "Dehtiarov, Roman"]
[WhiteFideId "4109040"]
[BlackFideId "14186640"]
[WhiteElo "2294"]
[BlackElo "2677"]
[Result "0-1"]
[Round "2"]
[TimeControl "180+1"]
[Date "2023.08.15"]
[WhiteClock "0:00:06"]
[BlackClock "0:00:52"]
[Board "98"]

1. d4 Nf6 2. Nf3 b6 3. c4 e6 4. a3 Ba6 5. e3 c5 6. Be2 Bb7 7. Nc3 cxd4 8. Qxd4 Nc6 9. Qd1 Be7 10. O-O O-O 11. b3 Rc8 12. Bb2 d6 13. Rc1 a6 14. Nd4 Qc7 15. Nxc6 Bxc6 16. Bf3 Rfd8 17. Bxc6 Qxc6 18. Qe2 Nd7 19. Rfd1 Nc5 20. Qc2 Bf6 21. b4 Nb7 22. Na4 Bxb2 23. Nxb2 d5 24. Qa4 b5 25. cxb5 Qxc1 26. Rxc1 Rxc1+ 27. Nd1 axb5 28. Qb3 d4 29. g4 dxe3 30. Qxe3 Rcxd1+ 31. Kg2 Nd6 32. Qe2 Rd5 33. h3 h6 34. Qc2 Nc4 35. a4 Rd2 36. Qe4 R2d4 37. Qc6 bxa4 38. Qxa4 Nd6 39. Qa5 Rb8 40. Qc5 Rbxb4 41. Qc7 Kh7 42. Qc2+ g6 43. Qc7 Kg7 44. Qc3 Rc4 45. Qe3 Ne4 46. Qa3 Nf6 47. Qf3 Nd5 48. Qa3 Nf4+ 49. Kg3 Rd3+ 50. Qxd3 Nxd3 0-1


[Site "https://www.chess.com"]

[Event "Titled Tuesday Blitz August 15 Early 2023"]
[White "Kushko, Dmitriy"]
[Black "Kaminski, Victor"]
[WhiteFideId "14162261"]
[BlackFideId "1131630"]
[WhiteElo "2675"]
[BlackElo "2284"]
[Result "1-0"]
[Round "2"]
[TimeControl "180+1"]
[Date "2023.08.15"]
[WhiteClock "0:01:00"]
[BlackClock "0:00:00"]
[Board "99"]

1. Nf3 Nf6 2. g3 e6 3. Bg2 d5 4. O-O Be7 5. d3 O-O 6. Bf4 c5 7. a4 Nc6 8. e4 dxe4 9. dxe4 Nxe4 10. Ne5 Nxe5 11. Bxe5 Nf6 12. a5 Nd7 13. Bf4 e5 14. Be3 Rb8 15. Nc3 Nf6 16. Re1 Bg4 17. Qxd8 Rfxd8 18. Bg5 e4 19. Nxe4 Kf8 20. Nxf6 gxf6 21. Bh6+ Ke8 22. Bf4 Rbc8 23. Bxb7 1-0


[Site "https://www.chess.com"]

[Event "Titled Tuesday Blitz August 15 Early 2023"]
[White "crazy_m_attack"]
[Black "Hoang, Thi Bao Tram"]
[BlackFideId "12401102"]
[WhiteElo "2278"]
[BlackElo "2666"]
[Result "1/2-1/2"]
[Round "2"]
[TimeControl "180+1"]
[Date "2023.08.15"]
[WhiteClock "0:00:07"]
[BlackClock "0:00:09"]
[Board "100"]

1. e4 c6 2. d4 d5 3. Nc3 dxe4 4. Nxe4 Bf5 5. Ng3 Bg6 6. h4 h6 7. h5 Bh7 8. Bd3 Bxd3 9. Qxd3 e6 10. N1e2 Nf6 11. Bf4 Qa5+ 12. Bd2 Qa6 13. Qb3 Nbd7 14. O-O-O Nb6 15. Kb1 Qb5 16. Qxb5 cxb5 17. a3 Bd6 18. Rh4 Rc8 19. Ne4 Be7 20. Nxf6+ Bxf6 21. Rg4 Nc4 22. Bc1 Ke7 23. b3 Nd6 24. Bb2 Rhd8 25. d5 Bxb2 26. Kxb2 Nf5 27. Nc3 a6 28. Re1 Rd6 29. Rf4 Kf8 30. dxe6 fxe6 31. g4 Rdc6 32. Rf3 Rxc3 33. Rxc3 Rxc3 34. Kxc3 Ne7 35. Rxe6 Nc6 36. a4 bxa4 37. bxa4 Kf7 38. Re3 Kf6 39. f4 Ne7 40. Kd4 Nc6+ 41. Kc5 g5 42. f5 Ne5 43. Re4 Nxg4 44. Kd6 Kxf5 45. Re6 Ne3 46. Rxh6 Nc4+ 47. Kc7 b5 48. axb5 axb5 49. Kc6 Ne3 50. c3 Nd1 51. Kxb5 Nxc3+ 52. Kc4 Ne4 53. Rh8 Nf6 54. Rf8 g4 55. h6 Kg6 56. Kd3 Nh7 57. Rg8+ Kxh6 58. Rxg4 Nf6 59. Rg1 Nh5 60. Rh1 Kg5 61. Ke3 Nf6 62. Rg1+ Kf5 63. Kd4 Ng4 64. Rf1+ Kg5 65. Ke4 Nf6+ 66. Ke5 Ng4+ 67. Ke4 Nf6+ 68. Kf3 Kf5 69. Ke3+ Ke5 70. Rxf6 Kxf6 1/2-1/2


[Site "https://www.chess.com"]

[Event "Titled Tuesday Blitz August 15 Early 2023"]
[White "Parkhov, Yair"]
[Black "slimshady"]
[WhiteFideId "2813408"]
[WhiteElo "2664"]
[BlackElo "2273"]
[Result "1-0"]
[Round "2"]
[TimeControl "180+1"]
[Date "2023.08.15"]
[WhiteClock "0:00:40"]
[BlackClock "0:00:24"]
[Board "101"]

1. d4 Nf6 2. c4 e6 3. Nf3 d5 4. g3 Bb4+ 5. Nbd2 O-O 6. Bg2 c6 7. O-O Nbd7 8. Qc2 b6 9. e4 dxe4 10. Nxe4 Bb7 11. Bf4 Nxe4 12. Qxe4 Nf6 13. Qc2 Bd6 14. Bxd6 Qxd6 15. c5 Qc7 16. Rfd1 Rfd8 17. Rac1 Nd5 18. Ng5 g6 19. h4 Qe7 20. Ne4 bxc5 21. dxc5 Rab8 22. h5 Ba6 23. h6 Nb4 24. Qc3 f5 25. Nf6+ Kf8 26. Nd7+ Kg8 27. Nf6+ Kf8 28. Nxh7+ Qxh7 29. Qf6+ Ke8 30. Qxe6+ Kf8 31. Qf6+ Qf7 32. Rxd8+ Rxd8 33. Qxd8+ Qe8 1-0


[Site "https://www.chess.com"]

[Event "Titled Tuesday Blitz August 15 Early 2023"]
[White "ChainedDowntohell"]
[Black "Sarkar, Justin"]
[BlackFideId "2010011"]
[WhiteElo "2652"]
[BlackElo "2243"]
[Result "1-0"]
[Round "2"]
[TimeControl "180+1"]
[Date "2023.08.15"]
[WhiteClock "0:00:14"]
[BlackClock "0:00:00"]
[Board "102"]

1. d4 Nf6 2. Nf3 e6 3. Bf4 b6 4. e3 Bb7 5. h3 d5 6. Bb5+ c6 7. Bd3 Bd6 8. Bg5 h6 9. Bxf6 Qxf6 10. Nbd2 c5 11. c3 O-O 12. Qe2 Nd7 13. e4 cxd4 14. Nxd4 Nc5 15. N4f3 Nxd3+ 16. Qxd3 Rad8 17. Qe2 dxe4 18. Nxe4 Qg6 19. Nxd6 Qxg2 20. Rg1 Qxf3 21. Qe5 g6 22. Rd1 Bd5 23. Rg3 Qh1+ 24. Ke2 Qh2 25. Rxg6+ 1-0


[Site "https://www.chess.com"]

[Event "Titled Tuesday Blitz August 15 Early 2023"]
[White "Iskusnyh, Sergei"]
[Black "Schut, Han"]
[WhiteFideId "4120027"]
[BlackFideId "1005561"]
[WhiteElo "2650"]
[BlackElo "2228"]
[Result "1-0"]
[Round "2"]
[TimeControl "180+1"]
[Date "2023.08.15"]
[WhiteClock "0:00:46"]
[BlackClock "0:00:05"]
[Board "103"]

1. d4 Nf6 2. c4 g6 3. g3 Bg7 4. Bg2 d5 5. cxd5 Nxd5 6. Nf3 c5 7. e4 Nb6 8. d5 O-O 9. O-O e6 10. Nc3 exd5 11. exd5 Na6 12. Bg5 f6 13. Bf4 Nb4 14. Be3 N4xd5 15. Nxd5 Qxd5 16. Qxd5+ Nxd5 17. Bxc5 Re8 18. Rfe1 Bd7 19. Nd4 Bc6 20. b4 a6 21. Nxc6 bxc6 22. Rad1 Rxe1+ 23. Rxe1 f5 24. Re6 Rc8 25. Rxc6 1-0


[Site "https://www.chess.com"]

[Event "Titled Tuesday Blitz August 15 Early 2023"]
[White "Pert, Nina"]
[Black "Shuvalova, Polina"]
[WhiteFideId "456853"]
[BlackFideId "24171760"]
[WhiteElo "2180"]
[BlackElo "2645"]
[Result "0-1"]
[Round "2"]
[TimeControl "180+1"]
[Date "2023.08.15"]
[WhiteClock "0:00:13"]
[BlackClock "0:00:08"]
[Board "104"]

1. e4 c6 2. d4 d5 3. e5 Bf5 4. h4 h5 5. Bd3 Bxd3 6. Qxd3 Qa5+ 7. Nd2 e6 8. Nf3 Ne7 9. O-O Nf5 10. a3 Qa6 11. c4 Be7 12. b4 Nxh4 13. Nxh4 Bxh4 14. b5 Qa4 15. cxd5 cxd5 16. Rb1 Nd7 17. Rb4 Qa5 18. Nb3 Qd8 19. Nc5 Be7 20. Nxb7 Qb6 21. Nd6+ Bxd6 22. exd6 Qxd6 23. Qf3 Qe7 24. Bf4 Nf6 25. Rc1 O-O 26. Bg5 Rfc8 27. Rxc8+ Rxc8 28. Bxf6 Qxf6 29. Qxf6 gxf6 30. Kf1 Rc1+ 31. Ke2 Ra1 32. a4 Kg7 33. Kf3 f5 34. Kf4 Kf6 35. Kg3 Kg5 36. Kh3 Ra3+ 37. g3 h4 38. Kg2 hxg3 39. fxg3 Kg4 40. b6 axb6 41. Rxb6 Rxa4 42. Rb7 Ra2+ 43. Kf1 Kxg3 44. Rxf7 Kf3 45. Ke1 f4 46. Re7 Re2+ 47. Kf1 Re4 48. Re8 Rxd4 49. Kg1 Rd1+ 50. Kh2 Re1 51. Rh8 e5 52. Rh3+ Ke4 53. Ra3 f3 54. Kg3 Rg1+ 55. Kf2 Rg2+ 56. Kf1 Rb2 57. Ke1 d4 58. Kd1 f2 0-1


[Site "https://www.chess.com"]

[Event "Titled Tuesday Blitz August 15 Early 2023"]
[White "Nefedov, Sergey"]
[Black "Sava, Christiansen-Danut-Eugen"]
[WhiteFideId "24113417"]
[BlackFideId "1210114"]
[WhiteElo "2640"]
[BlackElo "2133"]
[Result "1-0"]
[Round "2"]
[TimeControl "180+1"]
[Date "2023.08.15"]
[WhiteClock "0:01:00"]
[BlackClock "0:00:24"]
[Board "105"]

1. d4 Nf6 2. Nf3 e6 3. c4 Bb4+ 4. Bd2 Qe7 5. Qc2 Nc6 6. e3 Bxd2+ 7. Nbxd2 d6 8. Rc1 e5 9. Be2 O-O 10. d5 Nb8 11. e4 a5 12. c5 Na6 13. cxd6 cxd6 14. Bxa6 bxa6 15. O-O Bd7 16. Qc3 a4 17. Qa5 Rfc8 18. h3 Bb5 19. Rfe1 Qb7 20. Nh4 g6 21. Nhf3 Rxc1 22. Rxc1 Rc8 23. Rc3 Nd7 24. Qb4 Rxc3 25. bxc3 Qc7 26. c4 Qc5 27. Qxc5 Nxc5 28. cxb5 axb5 29. a3 f5 30. Ne1 fxe4 31. Nc2 Kf7 32. Kf1 Kf6 33. Ke2 h5 34. Ke3 Kf5 35. Nb1 Nd3 36. Nc3 Nf4 37. Ne1 h4 38. g3 hxg3 39. fxg3 Nxh3 40. Nxb5 Kg4 41. Nxd6 Ng5 42. Nxe4 Nf7 43. Nd3 g5 44. Ndf2+ Kf5 45. g4+ Kg6 46. Nd3 Nh6 47. Nxe5+ Kg7 48. d6 Kf8 49. Nxg5 Ng8 50. Ne6+ Ke8 51. d7+ Ke7 52. d8=Q+ Kxe6 53. Qxg8+ Kxe5 54. g5 Kf5 55. g6 Kf6 56. g7 Kg6 57. Qf8 Kh7 58. g8=Q# 1-0


[Site "https://www.chess.com"]